 Dungeon Crawl Stone Soup version 0.31-a0-466-g98c9adc2b6 (webtiles) character file.

Game seed: 17587740858465962513

105 Lorrdernie the Slasher (level 4, -2/58 HPs)
             Began as a Minotaur Fighter on Aug 6, 2023.
             Succumbed to an orc wizard's poison
             ... on level 3 of the Dungeon.
             The game lasted 00:02:12 (1654 turns).

Lorrdernie the Slasher (Minotaur Fighter)           Turns: 1654, Time: 00:02:12

Health: -2/58      AC: 22    Str: 17 (20) XL:     4   Next: 54%
Magic:  3/3        EV:  2    Int:  6 (7)  God:
Gold:   65         SH:  4    Dex:  9 (10) Spells: 3/3 levels left

rFire   . . .        a - +0 long sword
rCold   . . .        c - +0 buckler
rNeg    . . .        i - melded +0 ring mail
rPois   +            (helmet currently unavailable)
rElec   .            (cloak currently unavailable)
rCorr   .            (gloves currently unavailable)
SInv    .            k - melded +0 pair of boots
Will    +....        (no amulet)
Stlth   +            (no ring)
HPRegen 0.29/turn    (no ring)
MPRegen 0.08/turn

%: no passive effects
@: lethally poisoned (-2 -> -31), tree-form, enlightened, hasted, very quick
A: stationary, stasis, torment immunity, boosted hp, (horns 2), (retaliatory
headbutt)
a: no special abilities


You were on level 3 of the Dungeon.
You were a tree.
You visited 1 branch of the dungeon, and saw 3 of its levels.

You collected 65 gold pieces.

Inventory:

Hand Weapons
 a - a +0 long sword (weapon)
Armour
 b - a +0 scale mail
 c - a +0 buckler (worn)
 i - a +0 ring mail (melded)
 k - a +0 pair of boots (melded)
Jewellery
 e - a ring of positive energy
Scrolls
 j - a scroll of identify {unknown}
 l - a scroll of blinking {unknown}
 m - a scroll of enchant weapon {unknown}
 o - a scroll of enchant armour {unknown}
Potions
 d - a potion of might
 g - 3 potions of degeneration
 h - a potion of haste
 n - a potion of lignification


   Skills:
 - Level 3.6 Fighting
 * Level 5.0 Long Blades
 - Level 3.6 Armour
 + Level 4.7 Shields


You had 3 spell levels left.
You didn't know any spells.
Your spell library was empty.

Dungeon Overview and Level Annotations

Branches:
Dungeon (3/15)

Altars:


Innate Abilities, Weirdness & Mutations

You are a tree.
Your roots penetrate the ground, keeping you stationary.
You cannot be teleported.
You are immune to unholy pain and torment.
Your maximum health is greatly increased.
Your equipment is partially melded.
((You have a pair of horns on your head.))
((You reflexively headbutt those who attack you in melee.))


Message History

The magic dart hits you.
You slash the orc wizard!
The orc wizard is severely wounded.
You feel sick.
The orc wizard hits you with a +0 dagger of venom.
You are more poisoned.
The orc wizard hits you but does no damage.
You are more poisoned.
You barely miss the orc wizard.
The orc wizard is severely wounded.
You feel extremely sick.
The orc wizard hits you with a +0 dagger of venom.
You are lethally poisoned!
You hit the orc wizard but do no damage.
The orc wizard is severely wounded.
You feel extremely sick. You block the orc wizard's attack.
It was a potion of degeneration.
There was something very wrong with that liquid.
You feel weakened.
You feel dopey.
You feel clumsy.
* * * LOW HITPOINT WARNING * * *
You feel very sick.
The orc wizard hits you but does no damage.
You are more poisoned.
Unknown command.
It was a potion of haste.
You feel yourself speed up.
* * * LOW HITPOINT WARNING * * *
You feel very sick. The orc wizard closely misses you.
Unknown command.
It was a potion of lignification.
You turn into a tree.
Your +0 pair of boots melds into your body.
Your +0 ring mail melds into your body.
Your roots penetrate the ground.
* * * LOW HITPOINT WARNING * * *
You feel very sick.
The orc wizard hits you but does no damage.
You are more poisoned.
Unknown command.
It was a potion of enlightenment.
Your roots keep you in place.
You die...

# .### # ..# .# ###
#.## ..#
....###..##...#
#.....#......### #.
#o..........# .
#.##o#)......#.#
#..#..#♣#.~...~.#.#
#.....†#.......#.#
#####..#.......#.#
#..#.......#.###
##.#.~...~.#..<#
#.#.......#.#.#
#.##...o.##.#.#
######.###$oo###.#>#
.........#######..#.#


You could see an orc priest and an orc wizard.

Vanquished Creatures
  5 adders (D:2)
  A worm (D:2)
  2 dart slugs (D:1)
  An orc (D:3)
  2 ball pythons
  8 endoplasms
  3 giant cockroaches
  6 goblins
  3 hobgoblins (D:2)
  5 kobolds
  A quokka (D:1)
  9 bats
  5 rats
51 creatures vanquished.

Notes
Turn   | Place    | Note
-------+----------+-------------------------------------------
     0 | D:1      | Lorrdernie the Minotaur Fighter began the quest for the
                  | Orb.
     0 | D:1      | Reached XP level 1. HP: 19/19 MP: 0/0
   155 | D:1      | Reached skill level 3 in Long Blades
   215 | D:1      | Reached XP level 2. HP: 26/26 MP: 1/1
   821 | D:1      | Found a faded altar of an unknown god.
   987 | D:1      | Reached XP level 3. HP: 31/31 MP: 2/2
  1211 | D:2      | Reached skill level 4 in Long Blades
  1265 | D:2      | Reached XP level 4. HP: 25/39 MP: 3/3
  1633 | D:3      | Reached skill level 5 in Long Blades
  1654 | D:3      | Succumbed to an orc wizard's poison

Illustrated notes

Levels and vault maps discovered:
D:1:      roderic_chinese_lattice_arrival, layout_loops_corners,
          hellmonk_ecumenical_altar_slurped_away
D:2:      layout_rooms, minivault_25
D:3:      cheibrodos_pilgrimage, layout_rooms, marbit_many_paths,
          nicolae_overflow_crystal_walls

Skill      XL: |  1  2  3  4 |
---------------+-------------+-----
Long Blades    | 3 4 5 |  5.0
Shields        | 4 |  4.7
Fighting       | |  3.6
Armour         | |  3.6

Action                     |  1- 3 |  4- 6 || total
---------------------------+-------+-------++-------
  Melee: Long sword        |    81 |    35 ||   116
         Headbutt          |    13 |     3 ||    16
    Use: Potion            |       |     4 ||     4
 Armour: Scale mail        |    12 |       ||    12
         Ring mail         |    16 |    28 ||    44
         Skin              |       |     1 ||     1
  Dodge: Dodged            |    43 |    26 ||    69
  Block: Buckler           |    17 |    11 ||    28

Table legend: (Time is in decaauts)
 A = Elapsed time spent in this place.
 B = Non-inter-level travel time spent in this place.
 C = Inter-level travel time spent in this place.
 D = Time resting spent in this place.
 E = Time spent auto-exploring this place.
 F = Levels seen in this place.
 G = Mean time per level.
                   A        B        C        D        E       F      G
               +--------+--------+--------+--------+--------+-----+--------+
         Total |   1679 |   1574 |    105 |     79 |   1158 |   3 |  559.7 |
       Dungeon |   1679 |   1574 |    105 |     79 |   1158 |   3 |  559.7 |
               +--------+--------+--------+--------+--------+-----+--------+

Top non-repeatable levels by time:
     D:1: 1058 daAuts
     D:2: 570 daAuts
     D:3: 50 daAuts
